cohdb
Replays
Latest Replays
All Replays
Popular Replays
Top Player Replays
Match Explorer
How It Works
Community
CoH3 Stats
Reddit
Sign in to upload your games and track your stats! →
Sign in with Steam
Match 43300999
Unlisted
Match 43300999
Overview
Messages
Build Orders
End
Kradschützen Motorcycle Team
Panzergrenadier Squad
Selects Panzerjäger Kommand Battlegroup
Selects Mine Fields
Panzergrenadier Squad
Construct Light Support Kompanie
Fire Support Elements
Forward Retreat Point
2.5-tonne Medical Truck
Pak 38 Anti-tank Gun Team
Veteran Squad Leaders
Flakvierling Half-track
Selects Defensive Positions
Panzerjäger Squad
Construct Panzerarmee Kommand
Emergency Repair Kits
Selects Tank Busters
Panzer III L Medium Tank
Tungsten Core Ammunition
Rapid Advance
Armored Reserves
Selects Butterfly Bomb Drop
Selects Crew Shock Tactics
Butterfly Bomb Drop
MG34 Team
Tiger Heavy Tank
Advanced Optics
Vehicle Survival Package
Butterfly Bomb Drop
Selects Anti-tank Overwatch
Anti-tank Overwatch
Losttruppen
Zoikum
bigcheese
[B2G] Sluchis III
Hetman
The sexy Ginger
[OldMetal]Pepe
Alekel
0
0
Comments
sign in to comment!
No comments posted yet!